 Dungeon Crawl Stone Soup version 0.20.1-1-g8b1a95d (webtiles) character file.

8351 Timinator the Grappler (level 11, -18/107 HPs)
             Began as a Troll Monk on Nov 2, 2017.
             Was a Priest of Trog.
             Demolished by a komodo dragon (29 damage)
             ... on level 10 of the Dungeon.
             The game lasted 00:10:40 (8010 turns).

Timinator the Grappler (Troll Monk)                 Turns: 8010, Time: 00:10:40

Health: -18/107    AC:  7    Str: 26    XL:     11   Next: 8%
Magic:  10/10      EV: 11    Int:  7    God:    Trog [***...]
Gold:   203        SH: 15    Dex: 20    Spells: 10/10 levels left

rFire    . . .     SeeInvis .     - Unarmed
rCold    . . .     Gourm    +   h - +0 large shield
rNeg     . . .     Faith    .   k - +0 robe {Archmagi}
rPois    .         Spirit   .   (helmet restricted)
rElec    .         Reflect  .   c - +1 cloak
rCorr    .         Harm     .   (gloves unavailable)
MR       .....                  (boots unavailable)
Stlth    ++........             (no amulet)
Regen    0.7/turn               p - +6 ring of dexterity
MPRegen  0.2/turn               v - +5 ring of strength

@: berserk cooldown, slowed, very slow
A: unfitting armour, claws 3, fast metabolism 3, gourmand, regeneration 1,
shaggy fur 1, tough skin 2
a: Berserk, Trog's Hand, Burn Spellbooks, Renounce Religion


You were on level 10 of the Dungeon.
You worshipped Trog.
Trog was most pleased with you.
You were not hungry.

You visited 2 branches of the dungeon, and saw 11 of its levels.

You collected 487 gold pieces.
You spent 284 gold pieces at shops.

Inventory:

Armour
 c - a +1 cloak (worn)
 h - a +0 large shield (worn)
 k - a +0 robe of the Archmagi (worn)
Jewellery
 p - a +6 ring of dexterity (left claw)
 v - a +5 ring of strength (right claw)
Wands
 l - a wand of iceblast (7/15)
Scrolls
 e - 6 scrolls of teleportation
 i - a scroll of magic mapping
 m - 9 scrolls of identify
 n - 3 scrolls of enchant weapon
 r - 5 scrolls of fear
Potions
 d - 3 potions of curing
 f - a potion of flight {unknown}
 g - 2 potions of lignification
 j - a potion of cancellation {unknown}
 o - a potion of brilliance {unknown}
 t - 2 potions of might
Books
 q - the Grimoire of Mutagenic Arcane Weapons
   (You found it on level 10 of the Dungeon)

   Spells                             Type                      Level
   a - Searing Ray                    Conjuration                  2
   b - Passwall                       Transmutation/Earth          2
   c - Ignite Poison                  Fire/Transmutation/Poison    3
   d - Iskenderun's Mystic Blast      Conjuration                  4
   Trog disapproves of the use of such an item.
Comestibles
 a - 3 royal jellies
 b - 6 bread rations
 u - a meat ration


   Skills:
 + Level 6.8 Fighting
 + Level 6.2 Armour
 + Level 6.7 Dodging
 - Level 1.0 Stealth
 + Level 2.7 Shields
 * Level 11.1 Unarmed Combat


You had 10 spell levels left.
You didn't know any spells.

Dungeon Overview and Level Annotations

Branches:
Dungeon (10/15)            Temple (1/1) D:6            Lair (0/6) D:10
    Orc: D:9-12

Altars:
Ashenzari
Cheibriados
Dithmenos
Elyvilon
Fedhas
Gozag
Hepliaklqana
Kikubaaqudgha
Makhleb
Nemelex Xobeh
Okawaru
Qazlal
Ru
Sif Muna
Trog
Uskayaw
Vehumet
Xom
Yredelemnul
Zin
The Shining One

Shops:
D:4 %   D:8 [   D:9 (


Innate Abilities, Weirdness & Mutations

You are too large for most types of armour.
You have claws for hands.
Your metabolism is lightning-fast.
You like to eat raw meat.
Your natural rate of healing is unusually fast.
You are covered in fur. (AC +1)
You have very tough skin. (AC +2)


Message History

A komodo dragon is nearby!
You barely miss the komodo dragon. The komodo dragon bites you!!
You block the komodo dragon's attack.
You are too injured to fight recklessly!
You are too injured to fight recklessly!
You mangle the komodo dragon!!
The komodo dragon is heavily wounded.
You block the komodo dragon's attack.
You scratch the komodo dragon.
The komodo dragon is heavily wounded.
The komodo dragon bites you!
* * * LOW HITPOINT WARNING * * *
Your shield prevents you from hitting the komodo dragon.
The komodo dragon is heavily wounded.
You block the komodo dragon's attack. The komodo dragon bites you!
* * * LOW HITPOINT WARNING * * *
You completely miss the komodo dragon.
The komodo dragon is heavily wounded.
The komodo dragon bites you!!
You die...

###########.
#......>...#
+..l@......#
#..##..##..#
##..#############
#....##PPPPPPPPP##
#....#PPPPPP...PP#
####..PPPPPP.>.PP#
#.....PPPl..PP#
##....P.PPPPPP#
##......PP..P#


You could see a komodo dragon.

Vanquished Creatures
  The ghost of letownia2 the Reanimator, a journeyman DDNe of Gozag (D:10)
  A centaur warrior (D:9)
  3 two-headed ogres
  Prince Ribbit (D:7)
  7 yaks (D:9)
  A wyvern (D:9)
  2 orc warriors
  A black bear (D:8)
  2 ice beasts
  2 sky beasts
  2 phantoms
  4 ogres
  5 centaurs
  A big kobold (D:8)
  2 bullfrogs
  A wyvern zombie (D:7)
  4 scorpions
  4 wights (D:5)
  A howler monkey (D:4)
  3 crimson imps
  A quasit (D:4)
  2 hounds
  3 jellies
  Crazy Yiuf (D:7)
  2 centaur zombies
  2 orc priests (D:8)
  3 bullfrog skeletons
  5 orc wizards
  2 centaur skeletons
  2 iguanas
  10 worker ants
  2 killer bee zombies
  A hound zombie (D:9)
  2 worker ant zombies
  9 adders
  3 gnolls (D:8)
  2 shadow imps
  An adder zombie (D:5)
  An adder skeleton (D:8)
  A worm (D:3)
  3 dart slugs (D:1)
  5 leopard geckos
  18 orcs
  2 giant cockroaches
  6 goblins
  5 hobgoblins
  6 jackals
  5 kobolds
  5 bats
  7 frilled lizards
  A giant cockroach zombie (D:5)
  5 rats
171 creatures vanquished.

Vanquished Creatures (others)
  3 plants (D:10)
3 creatures vanquished.

Grand Total: 174 creatures vanquished

Notes
Turn   | Place    | Note
-------+----------+-------------------------------------------
     0 | D:1      | Timinator the Troll Monk began the quest for the Orb.
     0 | D:1      | Reached XP level 1. HP: 22/22 MP: 0/0
   328 | D:1      | Reached XP level 2. HP: 29/29 MP: 1/1
   780 | D:1      | Reached skill level 1 in Armour
   993 | D:2      | Reached XP level 3. HP: 26/36 MP: 2/2
  1607 | D:3      | Noticed a bullfrog
  1612 | D:3      | Killed a bullfrog
  1612 | D:3      | Reached skill level 4 in Unarmed Combat
  1612 | D:3      | Reached XP level 4. HP: 44/44 MP: 3/3
  1665 | D:3      | Reached XP level 5. HP: 45/52 MP: 4/4
  1698 | D:3      | Found a sparkling altar of Nemelex Xobeh.
  2493 | D:4      | Reached XP level 6. HP: 55/61 MP: 5/5
  2628 | D:4      | Reached skill level 5 in Unarmed Combat
  2656 | D:4      | Found Numuoh's Food Shoppe.
  2924 | D:4      | Reached XP level 7. HP: 67/67 MP: 6/6
  3151 | D:5      | Entered Level 5 of the Dungeon
  3234 | D:5      | Found a sparkling altar of Nemelex Xobeh.
  3392 | D:4      | Reached skill level 6 in Unarmed Combat
  3609 | D:5      | Reached XP level 8. HP: 78/78 MP: 7/7
  4586 | D:6      | Reached skill level 7 in Unarmed Combat
  4610 | D:6      | Found a staircase to the Ecumenical Temple.
  4626 | Temple   | Entered the Ecumenical Temple
  4827 | Temple   | Became a worshipper of Trog the Wrathful
  4827 | Temple   | Reached * piety under Trog
  4827 | Temple   | Reached ** piety under Trog
  5143 | D:6      | Found a stormy altar of Qazlal.
  5146 | D:6      | Found a snail-covered altar of Cheibriados.
  5150 | D:6      | Found an opulent altar of Gozag.
  5150 | D:6      | Found a radiant altar of Vehumet.
  5153 | D:6      | Found a hide-covered altar of Uskayaw.
  5550 | D:7      | Found a runed door.
  5622 | D:7      | Noticed Prince Ribbit
  5634 | D:7      | Killed Prince Ribbit
  5634 | D:7      | Reached skill level 8 in Unarmed Combat
  5637 | D:7      | Reached XP level 9. HP: 49/87 MP: 8/8
  5855 | D:7      | Reached skill level 5 in Fighting
  5855 | D:7      | Reached skill level 5 in Dodging
  5898 | D:7      | Noticed a two-headed ogre
  5907 | D:7      | Killed a two-headed ogre
  6264 | D:7      | Noticed Crazy Yiuf
  6270 | D:7      | Killed Crazy Yiuf
  6270 | D:7      | Reached skill level 9 in Unarmed Combat
  6319 | D:8      | Reached skill level 5 in Armour
  6441 | D:8      | Reached *** piety under Trog
  6541 | D:8      | Found Jogoziff's Antique Armour Shop.
  6617 | D:8      | Bought a large shield for 108 gold pieces
  6617 | D:8      | Bought a glowing robe for 88 gold pieces
  6627 | D:8      | Bought an embroidered robe for 88 gold pieces
  6642 | D:8      | Noticed a two-headed ogre
  6657 | D:8      | Killed a two-headed ogre
  6657 | D:8      | Reached XP level 10. HP: 69/98 MP: 9/9
  6755 | D:8      | Found an ancient bone altar of Kikubaaqudgha.
  6944 | D:9      | Noticed a two-headed ogre
  6955 | D:9      | Killed a two-headed ogre
  6955 | D:9      | Reached skill level 1 in Shields
  6955 | D:9      | Reached skill level 10 in Unarmed Combat
  7483 | D:9      | Found Owkeb's Antique Weapon Shop.
  7506 | D:9      | Noticed a centaur warrior
  7514 | D:9      | Killed a centaur warrior
  7908 | D:10     | Entered Level 10 of the Dungeon
  7932 | D:10     | Identified the Grimoire of Mutagenic Arcane Weapons
  7955 | D:10     | Found a staircase to the Lair.
  7973 | D:10     | Noticed letownia2's ghost (journeyman DDNe)
  7995 | D:10     | Killed letownia2's ghost
  7995 | D:10     | Reached skill level 11 in Unarmed Combat
  7995 | D:10     | Reached XP level 11. HP: 69/107 MP: 10/10
  8010 | D:10     | Demolished by a komodo dragon

Skill      XL: |  1  2  3  4  5  6  7  8  9 10 |
---------------+-------------------------------+-----
Armour         | 1 2 3 4 5 6 |  6.2
Unarmed Combat | 4 5 6 8 9 11 | 11.1
Dodging        | 3 4 5 6 |  6.7
Fighting       | 3 4 5 6 |  6.8
Shields        | 2 |  2.7
Stealth        | |  1.0

Action                   |  1- 3 |  4- 6 |  7- 9 | 10-12 || total
-------------------------+-------+-------+-------+-------++-------
Melee: Unarmed           |    81 |    95 |   270 |   129 ||   575
       Punch             |       |     1 |    12 |       ||    13
Invok: Berserk           |       |       |     3 |     2 ||     5
       Burn Spellbooks   |       |       |     1 |       ||     1
  Use: Scroll            |       |       |     8 |       ||     8
       Potion            |       |       |     4 |       ||     4
 Stab: Sleeping          |     2 |     2 |       |       ||     4
  Eat: Chunk             |    14 |     5 |    33 |    13 ||    65
       Meat ration       |       |     1 |     1 |       ||     2
       Royal jelly       |       |       |       |     1 ||     1
Armor: Robe              |    42 |    38 |    59 |    17 ||   156
Dodge: Dodged            |    49 |    60 |   151 |    23 ||   283
Block: Large shield      |       |       |       |    79 ||    79
